 Dungeon Crawl Stone Soup version 0.27.1-3-gb3d3a73c9e (webtiles) character file.

Game seed: 7273234458531537660

11267 jjjjhere the Fighter (level 11, -3/89 HPs)
             Began as a Gnoll Wanderer on Oct 16, 2021.
             Was a High Priest of Okawaru.
             Slain by a boulder beetle (8 damage)
             ... on level 2 of the Lair of Beasts on Oct 17, 2021.
             The game lasted 00:27:47 (15116 turns).

jjjjhere the Fighter (Gnoll Wanderer)              Turns: 15116, Time: 00:27:47

Health: -3/89      AC:  6    Str: 15    XL:     11   Next: 75%
Magic:  20/20      EV: 14    Int: 13    God:    Okawaru [*****.]
Gold:   541        SH:  0    Dex: 10    Spells: 20/23 levels left

rFire    . . .     SeeInvis .   a - +2 hand crossbow
rCold    + . .     Faith    .   (no shield)
rNeg     . . .     Spirit   .   F - +0 steam dragon scales
rPois    .         Reflect  .   (no helmet)
rElec    .         Harm     .   (no cloak)
rCorr    .         Rampage  .   (no gloves)
Will     .....                  (no boots)
Stlth    ++++......             N - amulet of magic regeneration
HPRegen  0.24/turn              p - +4 ring of slaying
MPRegen  0.42/turn              y - ring of protection from cold

@: frozen, very slow
A: fangs 1, strong nose, distributed training
a: Renounce Religion, Heroism, Finesse


You were on level 2 of the Lair of Beasts.
You worshipped Okawaru.
Okawaru was extremely pleased with you.
You visited 3 branches of the dungeon, and saw 12 of its levels.

You collected 541 gold pieces.

Inventory:

Hand Weapons
 a - a +2 hand crossbow (weapon)
 b - a +2 short sword of electrocution
 f - the +7 mace of Variability {chain chaos}
   (You found it on level 9 of the Dungeon)

   Each time it hits an enemy it has a different, random effect.
   It occasionally unleashes arcs of chaos on nearby creatures upon striking a
   foe.
 i - a +0 dagger of speed
 l - a +0 hunting sling
 r - a +0 whip of electrocution
 D - a +0 shortbow
 K - a +2 dagger of draining
Missiles
 c - 60 sling bullets
 j - 152 bolts (quivered ammo)
 u - 72 poisoned darts
 v - 7 javelins
 A - 238 stones
 E - 67 arrows
Armour
 F - +0 steam dragon scales (worn)
Jewellery
 p - a +4 ring of slaying (left hand)
 q - a +6 ring of strength
 y - a ring of protection from cold (right hand)
 B - a ring of poison resistance
 N - an amulet of magic regeneration (around neck)
 P - a ring of flight
 R - a ring of see invisible
 T - a ring of willpower
 V - a ring of ice
Wands
 k - a wand of acid (5)
 s - a wand of iceblast (12)
 t - a wand of paralysis (8)
 H - a wand of polymorph (12)
 Q - a wand of flame (15)
 U - a wand of mindburst (12)
Scrolls
 d - 5 scrolls of teleportation
 e - a scroll of vulnerability {unknown}
 g - a scroll of amnesia
 n - a scroll of fog {unknown}
 J - 3 scrolls of enchant weapon {unknown}
 M - 4 scrolls of identify
 O - 2 scrolls of summoning {unknown}
 S - a scroll of enchant armour {unknown}
Potions
 h - 2 potions of curing
 m - 2 potions of cancellation
 o - 2 potions of attraction {unknown}
 w - 3 potions of lignification {unknown}
 x - 2 potions of brilliance {unknown}
 z - 5 potions of might {unknown}
 C - a potion of haste {unknown}
 G - a potion of experience {unknown}
 I - a potion of berserk rage {unknown}
 L - 2 potions of mutation {unknown}
 W - a potion of degeneration {unknown}


   Skills:
 + Level 9.3 Fighting
 + Level 6.6 Short Blades
 + Level 6.6 Long Blades
 + Level 6.6 Axes
 + Level 6.6 Maces & Flails
 + Level 6.6 Polearms
 + Level 6.6 Staves
 + Level 6.6 Slings
 + Level 6.6 Bows
 + Level 8.1 Crossbows
 + Level 7.1 Throwing
 + Level 7.1 Armour
 + Level 6.6 Dodging
 + Level 9.0 Stealth
 + Level 6.6 Shields
 + Level 6.6 Unarmed Combat
 + Level 6.6 Spellcasting
 + Level 5.4 Conjurations
 + Level 5.4 Hexes
 + Level 5.4 Summonings
 + Level 5.4 Necromancy
 + Level 5.4 Translocations
 + Level 5.4 Transmutations
 + Level 5.4 Fire Magic
 + Level 5.4 Ice Magic
 + Level 5.4 Air Magic
 + Level 5.4 Earth Magic
 + Level 5.4 Poison Magic
 + Level 7.2 Invocations
 + Level 6.6 Evocations


You had 20 spell levels left.
You knew the following spells:

 Your Spells              Type           Power      Damage    Failure   Level
a - Ozocubu's Armour      Ice            18%        N/A       4%          3

Your spell library contained the following spells:

 Spells                   Type           Power      Damage    Failure   Level
 Static Discharge         Conj/Air       18%        N/A       2%          2
 Animate Dead             Necr           9%         N/A       17%         4
 Borgnjor's Vile Clutch   Necr/Erth      9%         N/A       43%         5
 Lightning Bolt           Conj/Air       9%         1d21      43%         5
 Death Channel            Necr           9%         N/A       95%         6
 Ozocubu's Refrigeration  Ice            9%         4d6       100%        7
 Maxwell's Capacitive Co  Air            9%         ∞         100%        8


Dungeon Overview and Level Annotations

Branches:
Dungeon (9/15)             Temple (1/1) D:7            Lair (2/6) D:9
  Swamp: Lair:2-4    Shoals: Lair:2-4     Snake: Lair:2-4    Spider: Lair:2-4
    Orc: D:9-12

Altars:
Elyvilon
Fedhas
Kikubaaqudgha
Okawaru
Uskayaw
Xom
The Shining One

Shops:
D:2 *   D:7 :

Annotations:
D:5 2 exclusions
D:8 2 transporters


Innate Abilities, Weirdness & Mutations

You have very sharp teeth.
Your uncanny sense of smell can sniff out nearby items.
Your experience applies equally to all skills.


Message History

Unknown command.
j - 146 bolts (gained 1)
j - 147 bolts (gained 1)
j - 148 bolts (gained 1)
j - 149 bolts (gained 1)
j - 150 bolts (gained 1)
Found a battleaxe.
j - 151 bolts (gained 1)
There is a stone staircase leading up here.
j - 152 bolts (gained 1)
j - 153 bolts (gained 1)
j - 154 bolts (gained 1)
Found 13 gold pieces.
You now have 541 gold pieces (gained 13).
A boulder beetle comes into view.
The boulder beetle curls into a ball and begins rolling!
You shoot a bolt.
The bolt hits the boulder beetle but does no damage.
You shoot a bolt. The bolt hits the boulder beetle.
The boulder beetle is lightly wounded.
A rime drake comes into view.
The boulder beetle hits you!!!
Ouch! That really hurt!
The boulder beetle stops rolling and uncurls.
The rime drake hisses angrily.
The boulder beetle waves its antennae.
The boulder beetle closely misses you.
The boulder beetle leaps!
The rime drake breathes ice at you. The flash freeze hits you!
You partially resist.
You are encased in ice.
The ice encasing you melts away.
The boulder beetle curls into a ball and begins rolling!
The rime drake bites you but does no damage.
The rime drake breathes ice at you. The flash freeze hits you!!
You partially resist.
* * * LOW HITPOINT WARNING * * *
You are encased in ice.
The boulder beetle hits you!
You die...

......##.#P..#
............##
............#
............# ####
...........##
.#...................#
....#....#####°P....P#
...#..........°B....##
....#.........○k@#..P#
...##...............##
...##....#.......#..#
...##............#..#
.#.#.............#..#
#...........P####...#
....................#
#...................##
##...................#


You could see a boulder beetle (rolling) and a rime drake (catching breath).

Vanquished Creatures
  Gastronok (D:8)
  Fannar (Lair:1)
  A two-headed ogre (D:9)
  Pikel (D:6)
  2 black mambas
  A cane toad (Lair:1)
  A gargoyle (D:9)
  Maggie (D:6)
  A polar bear (Lair:2)
  Grinder (D:3)
  A hornet (D:8)
  Sigmund (D:2)
  A wyvern (D:9)
  7 yaks
  2 basilisks
  3 chaos spawn
  A steam dragon (D:9)
  9 water moccasins
  An orc warrior (D:9)
  3 black bears
  A centaur (D:5)
  A necrophage (D:4)
  2 ogres (D:6)
  4 lemures
  3 kobold brigands
  3 scorpions
  A wyvern zombie (D:8)
  8 bullfrogs
  A howler monkey (D:5)
  A hound (D:3)
  7 orc priests
  A centaur skeleton (D:5)
  2 jellies
  3 iguanas
  A scorpion zombie (D:5)
  Natasha (thrice) (D:2)
  12 orc wizards
  A howler monkey zombie (D:6)
  3 gnolls (D:2)
  7 adders
  A shadow imp (D:6)
  An ufetubus (D:6)
  2 dart slugs
  35 orcs
  2 endoplasms (D:1)
  A giant cockroach (D:1)
  12 goblins
  4 hobgoblins
  13 jackals
  4 quokkas
  3 ball pythons
  4 bats
  3 frilled lizards
  18 kobolds
  3 rats
211 creatures vanquished.

Vanquished Creatures (others)
  A bush (D:5)
  34 fungi
  44 plants
79 creatures vanquished.

Grand Total: 290 creatures vanquished

Notes
Turn   | Place    | Note
-------+----------+-------------------------------------------
     0 | D:1      | jjjjhere the Gnoll Wanderer began the quest for the Orb.
     0 | D:1      | jjjjhere set off with the following items: a +2 hand
                  | crossbow, 26 bolts, a +0 falchion, a scroll of
                  | teleportation, a +0 robe, a +0 dagger
     0 | D:1      | Reached XP level 1. HP: 23/23 MP: 1/1
   138 | D:1      | Reached XP level 2. HP: 29/29 MP: 2/2
   150 | D:1      | Found a faded altar of an unknown god.
   221 | D:1      | Became a worshipper of Warmaster Okawaru
   221 | D:1      | Reached * piety under Okawaru
  1289 | D:2      | Reached XP level 3. HP: 30/35 MP: 2/4
  1346 | D:2      | Reached skill level 1 in Invocations
  1348 | D:2      | Reached skill level 1 in Short Blades
  1348 | D:2      | Reached skill level 1 in Long Blades
  1348 | D:2      | Reached skill level 1 in Axes
  1348 | D:2      | Reached skill level 1 in Maces & Flails
  1348 | D:2      | Reached skill level 1 in Polearms
  1348 | D:2      | Reached skill level 1 in Staves
  1348 | D:2      | Reached skill level 1 in Slings
  1348 | D:2      | Reached skill level 1 in Bows
  1348 | D:2      | Reached skill level 1 in Dodging
  1348 | D:2      | Reached skill level 1 in Shields
  1348 | D:2      | Reached skill level 1 in Unarmed Combat
  1348 | D:2      | Reached skill level 1 in Spellcasting
  1348 | D:2      | Reached skill level 1 in Evocations
  1383 | D:2      | Found Worrergh's General Store.
  1437 | D:2      | Reached XP level 4. HP: 41/41 MP: 5/5
  1645 | D:2      | Noticed Sigmund
  1651 | D:2      | Killed Sigmund
  1651 | D:2      | Reached ** piety under Okawaru
  1652 | D:2      | Reached skill level 1 in Conjurations
  1652 | D:2      | Reached skill level 1 in Hexes
  1652 | D:2      | Reached skill level 1 in Summonings
  1652 | D:2      | Reached skill level 1 in Necromancy
  1652 | D:2      | Reached skill level 1 in Translocations
  1652 | D:2      | Reached skill level 1 in Transmutations
  1652 | D:2      | Reached skill level 1 in Fire Magic
  1652 | D:2      | Reached skill level 1 in Ice Magic
  1652 | D:2      | Reached skill level 1 in Air Magic
  1652 | D:2      | Reached skill level 1 in Earth Magic
  1652 | D:2      | Reached skill level 1 in Poison Magic
  1652 | D:2      | Reached XP level 5. HP: 47/47 MP: 5/7
  1652 | D:2      | Reached XP level 6. HP: 53/53 MP: 5/8
  1743 | D:2      | Noticed Natasha
  1745 | D:2      | Killed Natasha
  1845 | D:2      | Noticed Natasha
  1852 | D:2      | Killed Natasha
  1918 | D:2      | Reached skill level 5 in Crossbows
  1918 | D:2      | Noticed Natasha
  1921 | D:2      | Killed Natasha
  2364 | D:3      | You fall into a shaft and drop 1 floor!
  2941 | D:3      | Noticed Grinder
  2942 | D:3      | Paralysed by Grinder for 2 turns
  2949 | D:3      | Killed Grinder
  2949 | D:3      | Reached *** piety under Okawaru
  2950 | D:3      | Reached XP level 7. HP: 52/60 MP: 7/10
  3014 | D:3      | HP: 19/60 [poisoned by a scorpion]
  3455 | D:3      | Found a blossoming altar of Fedhas.
  3948 | D:4      | Noticed a +0 dagger
  3951 | D:4      | Found a hide-covered altar of Uskayaw.
  3951 | D:4      | Noticed a +0 hand axe
  4102 | D:4      | Reached XP level 8. HP: 67/67 MP: 12/12
  4321 | D:5      | Entered Level 5 of the Dungeon
  6046 | D:6      | Received a gift from Okawaru
  6645 | D:6      | HP: 22/67 [poisoned by a water moccasin]
  6652 | D:6      | Reached XP level 9. HP: 27/72 MP: 14/14
  6886 | D:6      | Noticed Pikel
  7698 | D:6      | Killed Pikel
  7698 | D:6      | Reached **** piety under Okawaru
  7699 | D:6      | Reached skill level 5 in Throwing
  7699 | D:6      | Reached skill level 5 in Armour
  7834 | D:6      | Noticed Maggie
  7839 | D:6      | Killed Maggie
  7942 | D:6      | Found an ancient bone altar of Kikubaaqudgha.
  8261 | D:7      | Found Mesma's Book Shoppe.
  8584 | D:7      | Reached skill level 5 in Invocations
  8843 | D:7      | Found a staircase to the Ecumenical Temple.
  9001 | Temple   | Entered the Ecumenical Temple
  9404 | D:7      | HP: 24/74 [kobold brigand (5)]
  9705 | D:8      | Noticed Gastronok
  9733 | D:8      | Killed Gastronok
  9733 | D:8      | Received a gift from Okawaru
  9734 | D:8      | Reached skill level 5 in Short Blades
  9734 | D:8      | Reached skill level 5 in Long Blades
  9734 | D:8      | Reached skill level 5 in Axes
  9734 | D:8      | Reached skill level 5 in Maces & Flails
  9734 | D:8      | Reached skill level 5 in Polearms
  9734 | D:8      | Reached skill level 5 in Staves
  9734 | D:8      | Reached skill level 5 in Slings
  9734 | D:8      | Reached skill level 5 in Bows
  9734 | D:8      | Reached skill level 5 in Dodging
  9734 | D:8      | Reached skill level 5 in Shields
  9734 | D:8      | Reached skill level 5 in Unarmed Combat
  9734 | D:8      | Reached skill level 5 in Spellcasting
  9734 | D:8      | Reached skill level 5 in Evocations
  9734 | D:8      | Reached XP level 10. HP: 55/82 MP: 17/17
 10081 | D:8      | Paralysed by a hornet for 1 turns
 10086 | D:8      | HP: 24/82 [wyvern zombie (10)]
 10091 | D:8      | HP: 20/82 [poisoned by a hornet]
 10092 | D:8      | Received a gift from Okawaru
 10643 | D:8      | Found a transporter.
 10675 | D:8      | Learned a level 3 spell: Ozocubu's Armour
 10711 | D:9      | Found a white marble altar of Elyvilon.
 10741 | D:8      | Found a transporter.
 10921 | D:8      | Received a gift from Okawaru
 10980 | D:9      | Noticed a two-headed ogre
 10988 | D:9      | Killed a two-headed ogre
 10988 | D:9      | Reached ***** piety under Okawaru
 11019 | D:9      | Reached XP level 11. HP: 56/87 MP: 19/19
 11207 | D:8      | Received a gift from Okawaru
 11611 | D:9      | Found the +7 mace of Variability {chain chaos}
 11614 | D:9      | Found a shimmering altar of Xom.
 11827 | D:9      | Found a staircase to the Lair.
 12570 | D:9      | Reached skill level 5 in Conjurations
 12570 | D:9      | Reached skill level 5 in Hexes
 12570 | D:9      | Reached skill level 5 in Summonings
 12570 | D:9      | Reached skill level 5 in Necromancy
 12570 | D:9      | Reached skill level 5 in Translocations
 12570 | D:9      | Reached skill level 5 in Transmutations
 12570 | D:9      | Reached skill level 5 in Fire Magic
 12570 | D:9      | Reached skill level 5 in Ice Magic
 12570 | D:9      | Reached skill level 5 in Air Magic
 12570 | D:9      | Reached skill level 5 in Earth Magic
 12570 | D:9      | Reached skill level 5 in Poison Magic
 12946 | D:9      | Received a gift from Okawaru
 13306 | D:9      | Found a glowing golden altar of the Shining One.
 13578 | Lair:1   | Entered Level 1 of the Lair of Beasts
 14465 | Lair:2   | Noticed Fannar
 14507 | Lair:1   | Killed Fannar
 14819 | Lair:2   | Noticed a seven-headed hydra
 14942 | Lair:2   | Noticed an eight-headed hydra
 15102 | Lair:2   | Noticed a boulder beetle
 15111 | Lair:2   | HP: 29/89 [rime drake/flash freeze (12)]
 15116 | Lair:2   | HP: 5/89 [rime drake/flash freeze (26)]
 15116 | Lair:2   | Slain by a boulder beetle

Illustrated notes

Levels and vault maps discovered:
D:1:      shiori_arrival_oz, layout_basic, hellmonk_ecumenical_altar_blasted,
          serial_co_window_serial, co_window_corner_a, co_window_corner_a,
          co_window_of_opportunity_a, co_window_paths_a,
          co_window_of_opportunity_a, co_window_paths_b, co_window_paths_a,
          co_window_2corner, co_window_unsneaky_path_e, co_window_paths_c,
          co_window_paths_c, co_window_of_opportunity_c, co_window_corner_b,
          co_window_unsneaky_path_d, glass_columns_b, glass_columns_b,
          glass_columns_a, glass_columns_a, minivault_25, minmay_misc_feat_five
D:2:      layout_loops_corners, serial_shops, nicolae_shop_trees, uniq_sigmund,
          uniq_natasha
D:3:      layout_loops_corners, fedhas_altar_4, uniq_grinder
D:4:      layout_rooms, dancing_weapons_uskayaw, kennysheep_generic_room_11
D:5:      layout_basic, kb_lookout_dungeons_type, grunt_decor_cap
D:6:      layout_loops_ring, mainiacjoe_overflow_six_doors_small, uniq_pikel,
          uniq_maggie
D:7:      layout_cave_pods, minmay_temple_entry_stoned_glass, serial_shops,
          nicolae_shop_trees
D:8:      gammafunk_beogh_shrine, layout_gridville, feat_on_display,
          uniq_gastronok
D:9:      layout_big_octagon, tso_oasis_becter, elyvilon_altar_5,
          due_lair_maze_entry_diamond, enter_bailey_5,
          minmay_guarded_unrand_variability
Temple:   regret_index_temple_sphere_string
Lair:1:   layout_roguey
Lair:2:   layout_regular_city, grunt_megastairs_5, uniq_fannar

Skill      XL: |  1  2  3  4  5  6  7  8  9 10 11 |
---------------+----------------------------------+-----
Stealth        | 6 7 8 9 |  9.0
Invocations    | 1 2 3 4 5 6 7 |  7.2
Short Blades   | 1 2 3 5 6 |  6.6
Long Blades    | 1 2 3 5 6 |  6.6
Axes           | 1 2 3 5 6 |  6.6
Maces & Flails | 1 2 3 5 6 |  6.6
Polearms       | 1 2 3 5 6 |  6.6
Staves         | 1 2 3 5 6 |  6.6
Slings         | 1 2 3 5 6 |  6.6
Bows           | 1 2 3 5 6 |  6.6
Dodging        | 1 2 3 5 6 |  6.6
Shields        | 1 2 3 5 6 |  6.6
Unarmed Combat | 1 2 3 5 6 |  6.6
Spellcasting   | 1 2 3 5 6 |  6.6
Evocations     | 1 2 3 5 6 |  6.6
Throwing       | 3 4 5 6 7 |  7.1
Armour         | 3 4 5 6 7 |  7.1
Conjurations   | 1 2 3 4 5 |  5.4
Hexes          | 1 2 3 4 5 |  5.4
Summonings     | 1 2 3 4 5 |  5.4
Necromancy     | 1 2 3 4 5 |  5.4
Translocations | 1 2 3 4 5 |  5.4
Transmutations | 1 2 3 4 5 |  5.4
Fire Magic     | 1 2 3 4 5 |  5.4
Ice Magic      | 1 2 3 4 5 |  5.4
Air Magic      | 1 2 3 4 5 |  5.4
Earth Magic    | 1 2 3 4 5 |  5.4
Poison Magic   | 1 2 3 4 5 |  5.4
Crossbows      | 5 6 7 8 |  8.1
Fighting       | 7 8 9 |  9.3

Action                   |  1- 3 |  4- 6 |  7- 9 | 10-12 || total
-------------------------+-------+-------+-------+-------++-------
Melee: Dagger            |       |       |   152 |     1 ||   153
       Bite              |       |       |    13 |    20 ||    33
       Hunting sling     |       |       |     1 |       ||     1
       Short sword       |       |       |    30 |   153 ||   183
       Punch             |       |       |     3 |       ||     3
 Fire: Hand crossbow     |    43 |    71 |   106 |   134 ||   354
       Hunting sling     |       |       |   140 |    40 ||   180
       Shortbow          |       |       |     2 |       ||     2
Throw: Dart              |       |       |       |     2 ||     2
 Cast: Ozocubu's Armour  |       |       |       |     1 ||     1
Invok: Heroism           |       |     1 |    12 |    11 ||    24
  Use: Potion            |       |       |     3 |       ||     3
       Scroll            |       |       |     4 |       ||     4
 Stab: Sleeping          |       |       |       |     1 ||     1
Armor: Robe              |       |       |     6 |       ||     6
       Leather armour    |       |       |    22 |       ||    22
       Ring mail         |       |       |     4 |    41 ||    45
       Steam dragon scal |       |       |       |     4 ||     4
Dodge: Dodged            |     2 |    16 |   108 |    87 ||   213
